 Dungeon Crawl Stone Soup version 0.20-a0-869-gcf33cab (webtiles) character file.

559 AlphabetPasta the Cutter (level 7, -4/69 HPs)
             Began as a Halfling Gladiator on Mar 13, 2017.
             Slain by a wyvern zombie (11 damage)
             ... in an ossuary.
             The game lasted 00:16:40 (4197 turns).

AlphabetPasta the Cutter (Halfling Gladiator)       Turns: 4197, Time: 00:16:40

Health: -4/69      AC:  5    Str: 20    XL:     7   Next: 57%
Magic:  16/16      EV: 17    Int:  6    God:
Gold:   121        SH:  3    Dex: 18    Spells: 6/6 levels left

rFire    . . .     SeeInvis .   a - +0 rapier
rCold    . . .     Gourm    .   x - +2 robe {rN+}
rNeg     + . .     Faith    .   (shield restricted)
rPois    .         Spirit   .   c - +0 helmet
rElec    .         Reflect  +   (no cloak)
rCorr    .         Harm     .   (no gloves)
MR       .....                  (no boots)
Stlth    ..........             e - +3 amulet of reflection
Regen    0.3/turn               (no ring)
MPRegen  0.2/turn               k - ring of magical power

@: berserking, very quick
A: mutation resistance 1
a: no special abilities


You were in an ossuary.
You were not hungry.

You visited 1 branch of the dungeon, and saw 4 of its levels.
You also visited: Ossuary.

You collected 121 gold pieces.

Inventory:

Hand Weapons
 a - a +0 rapier (weapon)
 b - a +0 dagger of venom
Missiles
 d - 3 throwing nets (quivered)
 h - 13 poisoned needles
 p - 112 stones
 q - 38 sling bullets
Armour
 c - a +0 helmet (worn)
 o - a +0 leather armour
 s - a +0 robe
 x - a +2 robe of positive energy (worn)
Jewellery
 e - a +3 amulet of reflection (around neck)
 k - a ring of magical power (left hand)
Scrolls
 l - 3 scrolls of remove curse
 w - a scroll of fog
Potions
 g - a potion of flight
 j - a potion of cancellation {unknown}
 m - a potion of lignification {unknown}
 r - a potion of agility {unknown}
 t - a potion of haste {unknown}
 u - 2 potions of degeneration {unknown}
Comestibles
 f - 8 bread rations
 n - a meat ration
 v - 10 chunks of flesh


   Skills:
 + Level 3.1 Fighting
 * Level 6.6 Short Blades
 - Level 2.0 Throwing
 + Level 4.6 Dodging
 * Level 4.8 Stealth


You had 6 spell levels left.
You didn't know any spells.

Dungeon Overview and Level Annotations

Branches:
Dungeon (4/15)
 Temple: D:4-7

Altars:
Elyvilon
Nemelex Xobeh
Qazlal

Annotations:
D:3 RebelPilot's ghost, amateur GrFi


Innate Abilities, Weirdness & Mutations

You are small and have problems with some larger weapons.
You are somewhat resistant to further mutation.


Message History

The wyvern zombie barely misses you.
You hit the wyvern zombie.
The wyvern zombie is moderately damaged.
The wyvern zombie misses you.
You barely miss the wyvern zombie.
The wyvern zombie is moderately damaged.
The wyvern zombie bites you! The wyvern zombie barely misses you.
You hit the wyvern zombie.
The wyvern zombie is moderately damaged.
The wyvern zombie completely misses you.
You hit the wyvern zombie.
The wyvern zombie is heavily damaged.
The wyvern zombie barely misses you.
You hit the wyvern zombie but do no damage.
The wyvern zombie is heavily damaged.
The wyvern zombie bites you!
* * * LOW HITPOINT WARNING * * *
A red film seems to cover your vision as you go berserk!
You feel yourself moving faster!
You feel mighty! The wyvern zombie bites you!
You die...

'.# #.+ +.#
#.# +.'
###.#####
#.Z.#..āˆ©#
###@'.āˆ©.#
#.'.#...#
###.#####
+.. #+#ā‰ˆ


Pā‰ˆ ## You could see a wyvern zombie.

Vanquished Creatures
  An ogre (D:3)
  A water moccasin zombie (Ossuary)
  4 orc wizards
  2 worker ants (D:4)
  Natasha (thrice) (D:3)
  A mummy (Ossuary)
  8 adders
  An ooze (D:2)
  A worm (D:2)
  A dart slug (D:2)
  A leopard gecko (D:2)
  11 orcs
  3 ball pythons
  3 bats
  6 giant cockroaches
  6 goblins
  8 hobgoblins
  4 jackals
  3 quokkas
  9 frilled lizards
  6 kobolds
  11 rats
94 creatures vanquished.

Vanquished Creatures (others)
  2 orcs (D:3)
2 creatures vanquished.

Grand Total: 96 creatures vanquished

Notes
Turn   | Place    | Note
-------+----------+-------------------------------------------
     0 | D:1      | AlphabetPasta the Halfling Gladiator began the quest for the Orb.
     0 | D:1      | Reached XP level 1. HP: 14/14 MP: 1/1
   107 | D:1      | Reached skill level 1 in Stealth
   155 | D:1      | Reached XP level 2. HP: 16/19 MP: 2/2
   819 | D:1      | Reached skill level 4 in Short Blades
   943 | D:1      | Reached XP level 3. HP: 24/24 MP: 3/3
  1075 | D:2      | Reached XP level 4. HP: 21/29 MP: 4/4
  1402 | D:2      | Noticed a fire elemental
  1404 | D:2      | Found a stormy altar of Qazlal.
  1405 | D:2      | Noticed an air elemental
  1405 | D:2      | Noticed a water elemental
  1405 | D:2      | Noticed an earth elemental
  1686 | D:3      | Noticed an ogre
  1701 | D:3      | Killed an ogre
  1701 | D:3      | Reached skill level 5 in Short Blades
  1701 | D:3      | Reached XP level 5. HP: 15/35 MP: 5/5
  2042 | D:3      | Noticed Natasha
  2055 | D:3      | Reached XP level 6. HP: 33/41 MP: 6/6
  2157 | D:3      | Killed Natasha
  2501 | D:3      | Noticed Natasha
  2514 | D:3      | Killed Natasha
  2626 | D:3      | Noticed RebelPilot's ghost (amateur GrFi)
  2879 | D:3      | Found a white marble altar of Elyvilon.
  2880 | D:3      | Found a sparkling altar of Nemelex Xobeh.
  3106 | D:3      | Reached skill level 6 in Short Blades
  3715 | D:3      | Noticed Natasha
  3724 | D:3      | Killed Natasha
  3766 | D:3      | Reached XP level 7. HP: 37/46 MP: 7/7
  4075 | D:4      | Found a sand-covered staircase.
  4156 | Ossuary  | Entered an ossuary
  4197 | Ossuary  | Slain by a wyvern zombie

Vault maps used:
D:1:      shiori_arrival_maze
D:2:      nicolae_qazlal_style_of_elements, first_bread
D:3:      overflow_temple_1_default, elyvilon_altar_5, st_stairs_7, uniq_natasha
D:4:      nicolae_ossuary_entry_monument, minivault_1
Ossuary:  ossuary_zaba_flooded

Skill      XL: |  1  2  3  4  5  6 |
---------------+-------------------+-----
Stealth        | 1 2 3 4 |  4.8
Fighting       | 2 3 |  3.1
Short Blades   | 4 5 6 |  6.6
Dodging        | 4 |  4.6
Throwing       | |  2.0

Action                   |  1- 3 |  4- 6 |  7- 9 || total
-------------------------+-------+-------+-------++-------
Melee: Rapier            |    54 |     9 |    31 ||    94
       Dagger            |    64 |   239 |    46 ||   349
  Use: Scroll            |     2 |     1 |     2 ||     5
       Potion            |       |       |     1 ||     1
 Stab: Sleeping          |     1 |     4 |     2 ||     7
  Eat: Chunk             |       |     8 |       ||     8
       Meat ration       |       |     1 |       ||     1
Armor: Leather armour    |    16 |    20 |       ||    36
       Skin              |       |     5 |       ||     5
       Robe              |       |       |     1 ||     1
Dodge: Dodged            |    82 |   149 |    34 ||   265
Block: Other             |     4 |    24 |     3 ||    31
       Reflection        |       |     3 |       ||     3
